 Dungeon Crawl Stone Soup version 0.27-a0-604-g29a88b33a7 (webtiles) character file.

Game seed: 393565177713132430

50042 PentaManta the Grappler (level 14, -36/144 HPs)
             Began as a Troll Abyssal Knight on Mar 12, 2021.
             Was the Champion of Lugonu.
             Killed from afar by a fire giant (40 damage)
             ... with a fireball
             ... on level 14 of the Dungeon.
             The game lasted 00:56:46 (12970 turns).

PentaManta the Grappler (Troll Abyssal Knight)     Turns: 12970, Time: 00:56:47

Health: -36/144    AC: 11    Str: 27    XL:     14   Next: 18%
Magic:  20/20      EV: 18    Int:  8    God:    Lugonu [******]
Gold:   619        SH:  0    Dex: 15    Spells: 13/13 levels left

rFire    . . .     SeeInvis .     - Unarmed
rCold    . . .     Faith    .   (no shield)
rNeg     . . .     Spirit   .   R - +0 acid dragon scales
rPois    .         Reflect  .   q - +2 hat {Will+}
rElec    .         Harm     .   (no cloak)
rCorr    +         Rampage  .   (gloves unavailable)
Will     ++...                  (boots unavailable)
Stlth    +.........             z - amulet of regeneration
HPRegen  2.34/turn              n - +6 ring of dexterity
MPRegen  0.17/turn              D - +4 ring of evasion

@: about to teleport
A: large, unfitting armour, claws 3, regeneration 1, shaggy fur 1, tough skin 1
a: Renounce Religion, Depart the Abyss, Bend Space, Banish, Corrupt, Enter the
Abyss, Brand Weapon With Distortion


You were on level 14 of the Dungeon.
You worshipped Lugonu.
Lugonu was exalted by your worship.
You visited 2 branches of the dungeon, and saw 16 of its levels.
You visited the Abyss 1 time.

You collected 724 gold pieces.
You spent 105 gold pieces at shops.

Inventory:

Hand Weapons
 a - a +4 broad axe of flaming
 o - the +2 scythe of Parts Unknown {speed, +Rage Will+ MP+9}
   (You found it on level 13 of the Dungeon)

   Attacks with this weapon are significantly faster.
   It affects your willpower, your defense against some magical effects.
   It affects your magic capacity (+9).
   It lets you go berserk.
 r - a +0 short sword of electrocution
 u - a +0 scimitar of flaming
 E - a +0 hand axe of electrocution
 G - a +1 dagger of venom
 Q - the +10 great mace "Grim Tooth" {venom, Int+4}
   (You found it on level 10 of the Dungeon)

   It poisons the flesh of those it strikes.
   It affects your intelligence (+4).
 W - the +10 whip "Toumpuo" {distort, rC- MP+9 Int+3 Stlth+}
   (You took it off a kobold brigand on level 11 of the Dungeon)

   It warps and distorts space around it.
   Unwielding it can cause banishment or high damage.
   It affects your intelligence (+3).
   It makes you vulnerable to cold.
   It affects your magic capacity (+9).
   It makes you more stealthy.
 X - a +2 dagger of distortion
Missiles
 c - 21 large rocks (quivered)
 g - 9 curare-tipped darts
 s - a throwing net
 x - 162 poisoned darts
 U - 5 silver boomerangs
Armour
 i - a +0 troll leather armour
 q - a +2 hat of willpower (worn)
 R - +0 acid dragon scales (worn)
Jewellery
 j - a ring of protection from cold
 n - a +6 ring of dexterity (right claw)
 v - a +6 ring of strength
 z - an amulet of regeneration (around neck)
 D - a +4 ring of evasion (left claw)
 O - a ring of protection from cold
 P - a +6 ring of strength
Wands
 m - a wand of paralysis (9)
 F - a wand of acid (16)
 H - a wand of flame (14)
 J - a wand of random effects (41)
 V - a wand of charming (10)
Scrolls
 f - 6 scrolls of teleportation
 p - a scroll of amnesia
 w - 2 scrolls of fog
 y - 4 scrolls of magic mapping
 A - 7 scrolls of identify
 B - 2 scrolls of enchant armour
 K - a scroll of holy word
 M - a scroll of fear
 S - a scroll of silence
Potions
 b - 6 potions of might
 e - 5 potions of mutation
 h - 3 potions of resistance
 k - 6 potions of lignification
 l - 7 potions of brilliance
 t - 2 potions of invisibility
 C - 4 potions of flight
 I - a potion of haste
 Z - a potion of magic {unknown}
Miscellaneous
 N - a condenser vane
 T - a box of beasts
 Y - a phantom mirror


   Skills:
 + Level 10.8 Fighting
 + Level 7.1 Armour
 + Level 10.7 Dodging
 - Level 12.0 Unarmed Combat
 - Level 10.0 Invocations


You had 13 spell levels left.
You didn't know any spells.
Your spell library contained the following spells:

 Spells                   Type           Power      Damage    Failure   Level
 Foxfire                  Conj/Fire      0%         2x1d4     45%         1
 Magic Dart               Conj           0%         1d3       45%         1
 Summon Small Mammal      Summ           0%         N/A       45%         1
 Blink                    Tloc           N/A        N/A       61%         2
 Corpse Rot               Necr/Air       N/A        N/A       61%         2
 Poisonous Vapours        Pois/Air       0%         N/A       61%         2
 Stone Arrow              Conj/Erth      0%         3d7       83%         3
 Teleport Other           Tloc           0%         N/A       83%         3
 Cause Fear               Hex            0%         N/A       99%         4
 Iskenderun's Mystic Bla  Conj/Tloc      0%         2d3       99%         4
 Manifold Assault         Tloc           0%         N/A       99%         4
 Passage of Golubria      Tloc           N/A        N/A       99%         4
 Summon Lightning Spire   Summ/Air       0%         N/A       99%         4
 Fireball                 Conj/Fire      0%         3d3       100%        5
 Silence                  Hex/Air        0%         N/A       100%        5
 Summon Forest            Summ/Tloc      0%         N/A       100%        5
 Eringya's Noxious Bog    Tmut/Pois      0%         N/A       100%        6
 Hydra Form               Tmut           0%         N/A       100%        6
 Shadow Creatures         Summ           N/A        N/A       100%        6
 Dragon Form              Tmut           0%         N/A       100%        7
 Summon Hydra             Summ           0%         N/A       100%        7
 Dragon's Call            Summ           0%         N/A       100%        9
 Shatter                  Erth           0%         3d5*      100%        9
 Tornado                  Air            0%         N/A       100%        9


Dungeon Overview and Level Annotations

Branches:
Dungeon (15/15)            Temple (1/1) D:4            Lair (0/6) D:10
    Orc (0/2) D:12         Vaults (0/5) D:13         Depths (0/5) D:15

Altars:
Ashenzari
Cheibriados
Dithmenos
Elyvilon
Fedhas
Gozag
Hepliaklqana
Kikubaaqudgha
Makhleb
Nemelex Xobeh
Okawaru
Qazlal
Ru
Sif Muna
Trog
Uskayaw
Vehumet
Wu Jian
Xom
Yredelemnul
Zin
The Shining One
Beogh

Shops:
D:5 *(


Innate Abilities, Weirdness & Mutations

You are too large for most types of armour.
You have claws for hands.
Your natural rate of healing is unusually fast.
You are covered in fur. (AC +1)
You have tough skin. (AC +1)


Message History

The meliai hits you with a +0 hand axe!
The meliai stings you but does no damage.
You claw the meliai!
The meliai is heavily wounded.
The meliai misses you.
The meliai stings you but does no damage.
You scratch the meliai.
The meliai is heavily wounded.
The meliai hits you but does no damage. The meliai misses you. x3
You claw the meliai!
You kill the meliai!
Lugonu accepts your kill.
You scratch the fire giant but do no damage.
The fire giant hits you with a +2 great sword of flaming!!
* * * LOW HITPOINT WARNING * * *
The fire giant burns you!
* * * LOW HITPOINT WARNING * * *
The fire giant points at you and mumbles some strange words.
The fireball explodes!
The fireball engulfs you!
* * * LOW HITPOINT WARNING * * *
Okay, then.
Press: ? - help, Shift-Dir - straight line, f - fire giant
Aim: a fire giant, wielding a +2 great sword of flaming (chance to affect: 40%)
Okay, then.
Okay, then.
Okay, then.
Unknown command.
You feel much better. The fire giant casts a spell at you.
The bolt of fire hits you!!
* * * LOW HITPOINT WARNING * * *
You feel better.
As you read the scroll of teleportation, it crumbles to dust.
You feel strangely unstable. The fire giant casts a spell at you.
The bolt of fire hits you!!
* * * LOW HITPOINT WARNING * * *
The fire giant points at you and mumbles some strange words.
The fireball explodes!
The fireball engulfs you!!!
You die...

# #..####.#
#...######## #
#))# #)#
#...........
#########[[# #.#
#...........
...........# #.#
#...########
...........# #.#
#...# #
#########..# #.#
#.))# # # #..#
#C######...# # #
#..# #...^......#
# # #..#
#.@........# # #
#..# #..#####...#
# # #..# #..#
#...# # # #..#
#..# #...# # #
#..# #..# #...# #
#########[.# #..#
#...# #
...........####..#
#...# #
.................#
#...########
.................#
#...........


You could see a fire giant.

Vanquished Creatures
  Rupert (D:14)
  2 boulder beetles
  4 hydras
  4 vault guards
  A catoblepas (D:13)
  The ghost of ReteAZ the Nimble, a journeyman DEFE of Nemelex Xobeh (D:11)
  4 centaur warriors
  3 two-headed ogres
  A tengu warrior (D:14)
  The ghost of ICC the Slicer, a journeyman VSFi of Cheibriados (D:10)
  5 skeletal warriors
  An unseen horror (D:13)
  2 deep elf pyromancers
  A wolf spider zombie (D:12)
  11 ugly things
  3 cyclopes
  An orc sorcerer (D:11)
  2 manticores (D:12)
  3 centaur zombies
  A gargoyle (D:13)
  3 orange demons
  2 centaur skeletons (D:14)
  Maggie (D:9)
  A kobold demonologist (D:11)
  2 tengu conjurers
  A freezing wraith (D:14)
  An efreet (D:14)
  A komodo dragon (D:10)
  3 red devils (D:10)
  3 meliai (D:14)
  5 trolls
  Prince Ribbit (D:8)
  10 slime creatures
  A harpy skeleton (D:14)
  A wyvern (D:11)
  22 yaks
  2 wraiths
  A steam dragon (D:9)
  A basilisk (D:14)
  6 vampire mosquitoes
  3 soldier ants (D:13)
  An acid dragon (D:10)
  A black bear (D:7)
  11 orc warriors
  4 sky beasts
  2 necrophages
  5 ice beasts
  10 centaurs
  An eye of draining (D:14)
  6 ogres
  3 phantoms
  6 bullfrogs
  11 kobold brigands
  A gnoll sergeant (D:6)
  The ghost of loom the Skirmisher, a weakling HOAK of Lugonu (D:4)
  2 scorpions
  A water moccasin skeleton (D:8)
  15 killer bees
  9 wights (D:9)
  3 howler monkeys (D:8)
  6 hounds
  2 quasits (D:4)
  A wyvern simulacrum (D:14)
  3 jellies
  2 bullfrog skeletons
  2 gnoll shamans
  9 orc priests
  3 iguanas
  16 orc wizards
  11 worker ants
  A hound skeleton (D:6)
  A worker ant zombie (D:9)
  12 adders
  14 gnolls
  A shadow imp (D:6)
  A white imp (D:6)
  An ooze (D:1)
  2 adder zombies
  2 adder skeletons (D:4)
  3 worms
  8 leopard geckos
  73 orcs
  8 bats
  5 giant cockroaches
  3 goblins
  4 hobgoblins
  14 jackals
  16 kobolds
  3 quokkas
  A ball python (D:4)
  A ball python skeleton (D:4)
  A ball python zombie (D:5)
  10 frilled lizards
  A jackal skeleton (D:5)
  A jackal zombie (D:8)
  A quokka skeleton (D:5)
  A quokka zombie (D:8)
  10 rats
470 creatures vanquished.

Vanquished Creatures (others)
  An unseen horror (D:13)
  A wizard (D:11)
  An orc (D:7)
  5 plants (D:10)
  2 withered plants (D:5)
10 creatures vanquished.

Grand Total: 480 creatures vanquished

Notes
Turn   | Place    | Note
-------+----------+-------------------------------------------
     0 | Abyss:1  | PentaManta the Troll Abyssal Knight began the quest for the
                  | Orb.
     0 | Abyss:1  | Reached XP level 1. HP: 22/22 MP: 1/1
    69 | Abyss:1  | Noticed a hell hound
    72 | Abyss:1  | Noticed a wight
    92 | D:1      | Escaped the Abyss
   627 | D:1      | Reached XP level 2. HP: 29/29 MP: 2/2
   763 | D:2      | Reached skill level 3 in Unarmed Combat
   793 | D:2      | Reached * piety under Lugonu
   854 | D:2      | Reached XP level 3. HP: 32/36 MP: 3/3
   990 | D:2      | Reached skill level 4 in Unarmed Combat
  1116 | D:2      | Reached XP level 4. HP: 44/44 MP: 4/4
  1528 | D:3      | Reached skill level 5 in Unarmed Combat
  1541 | D:3      | Reached XP level 5. HP: 50/50 MP: 5/5
  1665 | D:3      | Reached ** piety under Lugonu
  2582 | D:4      | Reached XP level 6. HP: 55/59 MP: 6/6
  2649 | D:4      | Reached skill level 6 in Unarmed Combat
  2699 | D:4      | Reached *** piety under Lugonu
  2749 | D:4      | Found a transporter.
  2752 | D:4      | Noticed loom's ghost (weakling HOAK)
  2799 | D:4      | Reached XP level 7. HP: 54/67 MP: 8/8
  2807 | D:4      | Found a transporter.
  3094 | D:4      | Found a staircase to the Ecumenical Temple.
  3286 | D:4      | Killed loom's ghost
  3377 | Temple   | Entered the Ecumenical Temple
  3490 | D:5      | Entered Level 5 of the Dungeon
  3592 | D:5      | Found Apror's Antique Weapon Emporium.
  3623 | D:5      | Reached XP level 8. HP: 66/78 MP: 9/9
  3662 | D:5      | Found an ancient bone altar of Kikubaaqudgha.
  3710 | D:5      | Noticed a moth of wrath
  3712 | D:5      | Found a bloodstained altar of Trog.
  3751 | D:5      | Reached **** piety under Lugonu
  3791 | D:5      | Found Oroelo's General Store.
  3840 | D:5      | Reached skill level 7 in Unarmed Combat
  3894 | D:5      | You fall into a shaft and drop 2 floors!
  4205 | D:5      | Found an ornate altar of the Wu Jian Council.
  4288 | D:5      | Bought a scroll of enchant armour for 105 gold pieces
  4932 | D:6      | Reached XP level 9. HP: 87/87 MP: 11/11
  5002 | D:7      | Reached skill level 5 in Invocations
  5049 | D:7      | Reached skill level 5 in Fighting
  5117 | D:7      | Reached skill level 5 in Dodging
  5117 | D:7      | Reached skill level 8 in Unarmed Combat
  5163 | D:7      | Reached ***** piety under Lugonu
  5810 | D:8      | Noticed Prince Ribbit
  5865 | D:8      | Killed Prince Ribbit
  5992 | D:8      | Found a sacrificial altar of Ru.
  5993 | D:8      | Found a shadowy altar of Dithmenos.
  5993 | D:8      | Found a radiant altar of Vehumet.
  5995 | D:8      | Found a hide-covered altar of Uskayaw.
  5995 | D:8      | Found an opulent altar of Gozag.
  5997 | D:8      | Found a stormy altar of Qazlal.
  5997 | D:8      | Found a snail-covered altar of Cheibriados.
  5998 | D:8      | Found a hazy altar of Hepliaklqana.
  6081 | D:8      | Reached XP level 10. HP: 98/98 MP: 13/13
  6373 | D:9      | Reached skill level 9 in Unarmed Combat
  7012 | D:9      | Noticed Maggie
  7023 | D:9      | Killed Maggie
  7248 | D:10     | Entered Level 10 of the Dungeon
  7336 | D:10     | Noticed an orange demon
  7336 | D:10     | Noticed an orange demon
  7336 | D:10     | Noticed an orange demon
  7370 | D:9      | Killed an orange demon
  7457 | D:10     | Killed an orange demon
  7478 | D:10     | Killed an orange demon
  7513 | D:10     | Reached XP level 11. HP: 91/109 MP: 15/15
  7517 | D:10     | Identified the +10 great mace "Grim Tooth" {venom, Int+4}
  7535 | D:10     | Reached skill level 10 in Unarmed Combat
  7595 | D:10     | Found a runed translucent door.
  7595 | D:10     | Noticed ICC's ghost (journeyman VSFi)
  7647 | D:10     | Found a staircase to the Lair.
  8005 | D:10     | Killed ICC's ghost
  8198 | D:11     | Noticed an orc sorcerer
  8200 | D:11     | Noticed a wizard
  8201 | D:11     | Noticed a red ugly thing
  8205 | D:11     | Killed an orc sorcerer
  8225 | D:11     | Killed a red ugly thing
  8229 | D:11     | Killed a wizard
  8410 | D:11     | Found a runed translucent gate.
  8416 | D:11     | Found a runed translucent gate.
  8416 | D:11     | Noticed ReteAZ's ghost (journeyman DEFE)
  8416 | D:11     | Identified the +10 whip "Toumpuo" {distort, rC- MP+9 Int+3
                  | Stlth+}
  8417 | D:11     | Found a runed translucent gate.
  8492 | D:11     | Identified the Papyrus of Damaging Feathers
  8860 | D:11     | Noticed a brown ugly thing
  8868 | D:11     | Killed a brown ugly thing
  9115 | D:11     | Killed ReteAZ's ghost
  9120 | D:11     | Reached ****** piety under Lugonu
  9169 | D:12     | Noticed a deep elf pyromancer
  9169 | D:12     | Noticed a six-headed hydra
  9222 | D:12     | Noticed a brown ugly thing
  9236 | D:12     | Killed a brown ugly thing
  9258 | D:12     | Reached skill level 1 in Armour
  9258 | D:12     | Reached skill level 11 in Unarmed Combat
  9276 | D:12     | Killed a deep elf pyromancer
  9277 | D:12     | Reached XP level 12. HP: 107/122 MP: 17/17
  9334 | D:12     | Noticed a two-headed ogre
  9337 | D:12     | Noticed a five-headed hydra
  9359 | D:12     | Killed a two-headed ogre
  9510 | D:12     | Banished a six-headed hydra
  9643 | D:12     | Killed a five-headed hydra
  9702 | D:12     | Found a staircase to the Orcish Mines.
 10071 | D:13     | Identified the Grimoire of the Dislocated Entourage
 10086 | D:13     | Identified the +2 scythe of Parts Unknown {speed, +Rage
                  | Will+ MP+9}
 10096 | D:13     | Noticed a two-headed ogre
 10104 | D:13     | Killed a two-headed ogre
 10140 | D:13     | Noticed a four-headed hydra
 10148 | D:13     | Killed a one-headed hydra
 10229 | D:13     | Noticed a centaur warrior
 10238 | D:13     | Killed a centaur warrior
 10529 | D:13     | Found a gate to the Vaults.
 10529 | D:13     | Noticed a centaur warrior
 10529 | D:13     | Noticed a vault guard
 10529 | D:13     | Noticed a six-headed hydra
 10529 | D:13     | Noticed a vault guard
 10529 | D:13     | Noticed a vault guard
 10529 | D:13     | Noticed a vault guard
 10529 | D:13     | Noticed a centaur warrior
 10546 | D:12     | Killed a vault guard
 10695 | D:13     | Killed a centaur warrior
 10696 | D:13     | Reached XP level 13. HP: 83/131 MP: 19/19
 10755 | D:12     | Reached skill level 10 in Invocations
 10791 | D:13     | Reached skill level 12 in Unarmed Combat
 11253 | D:13     | Reached skill level 5 in Armour
 11590 | D:14     | Reached skill level 10 in Fighting
 11781 | D:14     | Identified the Papyrus of Earthen Air
 11884 | D:14     | Reached skill level 10 in Dodging
 12395 | D:14     | Noticed Rupert
 12422 | D:14     | Killed Rupert
 12459 | D:14     | Reached XP level 14. HP: 132/144 MP: 20/20
 12784 | D:15     | Entered Level 15 of the Dungeon
 12872 | D:15     | Found a staircase to the Depths.
 12872 | D:15     | Noticed a fire giant
 12969 | D:14     | HP: 2/144 [fire giant/bolt of fire (27)]
 12970 | D:14     | Killed from afar by a fire giant

Illustrated notes

Levels and vault maps discovered:
D:1:      minmay_arrival_arboretum_small, layout_loops_cross,
          serial_park_tiny_pond, serial_bayou_pond_a, hex_tiny
D:2:      minmay_door_path, layout_rooms, minivault_26
D:3:      layout_basic
D:4:      layout_gridville, minmay_temple_entry_glass,
          gammafunk_ghost_stat_death, minmay_misc_feat_more_columns,
          minmay_starry_boxes
D:5:      layout_cave_pools, kiku_gazebo_garden_becter, lemuel_crystal_altar,
          serial_shops, shop_fountains, nicolae_shop_window_shopping, tgw_trog
D:6:      minmay_octagon_keep, layout_basic
D:7:      layout_layer_cave
D:8:      layout_basic, grunt_temple_overflow_open, uniq_prince_ribbit1
D:9:      layout_cave_pools, minmay_stone_trees_medium, minmay_misc_feat_tower,
          hangedman_decor_diamond_cutter, uniq_maggie
D:10:     layout_roguey, david_lair_shrubbed, hellmonk_ghost_happy_afterlife,
          minmay_beelzebubs_servants
D:11:     cheibrodos_wizards_tower, layout_grid_maze,
          gammafunk_ghost_nasty_kobolds
D:12:     layout_cave_pools, minmay_orc_entry_temple_small
D:13:     wad_crossroads, layout_irregular_city,
          lightli_vaults_fourway_checkpoint
D:14:     layout_long_grid, minivault_11, uniq_rupert
D:15:     grunt_enter_depths_giant_problem, layout_basic, uniq_louise
Temple:   nicolae_temple_hex_pool

Skill      XL: |  1  2  3  4  5  6  7  8  9 10 11 12 13 14 |
---------------+-------------------------------------------+-----
Unarmed Combat | 3 4 5 6 7 8 9 11 12 | 12.0
Dodging        | 2 3 4 5 7 8 9 10 | 10.7
Invocations    | 2 3 4 6 7 8 9 10 | 10.0
Fighting       | 3 4 6 7 8 9 10 | 10.8
Armour         | 1 4 6 7 |  7.1

Action                   |  1- 3 |  4- 6 |  7- 9 | 10-12 | 13-15 || total
-------------------------+-------+-------+-------+-------+-------++-------
Melee: Unarmed           |    68 |   185 |   423 |   635 |   397 ||  1708
       Punch             |       |     2 |    14 |    45 |    44 ||   105
       Dagger            |       |       |       |    24 |    15 ||    39
       Broad axe         |       |       |       |     5 |    17 ||    22
Throw: Large rock        |       |       |       |     5 |     4 ||     9
       Dart              |       |       |       |       |     6 ||     6
Invok: Depart the Abyss  |     1 |       |       |       |       ||     1
       Banish            |       |       |       |     2 |       ||     2
       Bend Space        |       |       |       |       |     1 ||     1
Evoke: Box of beasts     |       |       |       |     1 |       ||     1
  Use: Scroll            |     6 |       |    11 |     8 |     1 ||    26
       Potion            |     2 |       |     2 |     3 |     4 ||    11
 Stab: Sleeping          |     1 |       |       |     1 |       ||     2
       Confused          |       |       |       |     3 |       ||     3
       Distracted        |       |       |       |     1 |       ||     1
Armor: Robe              |    16 |    62 |   134 |    23 |       ||   235
       Steam dragon scal |       |       |       |    28 |       ||    28
       Acid dragon scale |       |       |       |    96 |   148 ||   244
Dodge: Dodged            |    36 |    77 |   349 |   481 |   354 ||  1297

Table legend: (Time is in decaauts)
 A = Elapsed time spent in this place.
 B = Non-inter-level travel time spent in this place.
 C = Inter-level travel time spent in this place.
 D = Time resting spent in this place.
 E = Time spent auto-exploring this place.
 F = Levels seen in this place.
 G = Mean time per level.
                   A        B        C        D        E       F      G
               +--------+--------+--------+--------+--------+-----+--------+
         Total |  12737 |  11865 |    872 |    405 |   7322 |  17 |  749.2 |
       Dungeon |  12550 |  11697 |    853 |    405 |   7201 |  15 |  836.7 |
        Temple |     95 |     76 |     19 |      0 |     75 |   1 |   95.0 |
         Abyss |     92 |     92 |      0 |      0 |     46 |   1 |   92.0 |
               +--------+--------+--------+--------+--------+-----+--------+

Top non-repeatable levels by time:
    D:13: 1387 daAuts
    D:14: 1354 daAuts
     D:3: 1072 daAuts
    D:11: 1065 daAuts
     D:7: 926 daAuts
    D:10: 913 daAuts
     D:4: 905 daAuts
     D:9: 877 daAuts
    D:12: 826 daAuts
     D:2: 658 daAuts
     D:1: 658 daAuts
     D:6: 644 daAuts
     D:5: 623 daAuts
     D:8: 622 daAuts
  Temple: 95 daAuts
